 Dungeon Crawl Stone Soup version 0.24-a0-201-gf205589 (webtiles) character file.

Game seed: 2729013548403957373

107 technobutter the Skirmisher (level 4, 0/41 HPs)
             Began as a Hill Orc Fighter on Mar 25, 2019.
             Succumbed to an adder's poison
             ... on level 3 of the Dungeon.
             The game lasted 00:12:10 (2298 turns).

technobutter the Skirmisher (Hill Orc Fighter)      Turns: 2298, Time: 00:12:11

Health: 0/41       AC: 12    Str: 19    XL:     4   Next: 86%
Magic:  4/4        EV:  3    Int:  8    God:
Gold:   83         SH:  9    Dex: 10    Spells: 3/3 levels left

rFire    . . .     SeeInvis .   a - +0 war axe
rCold    . . .     Gourm    .   c - +0 shield
rNeg     . . .     Faith    .   o - +1 plate armour
rPois    .         Spirit   .   (no helmet)
rElec    .         Reflect  .   (no cloak)
rCorr    .         Harm     .   (no gloves)
MR       .....                  (no boots)
Stlth    ..........             (no amulet)
HPRegen  0.13/turn              (no ring)
MPRegen  0.09/turn              (no ring)

@: lethally poisoned (0 -> -6)
A: no striking features
a: Convert to Beogh


You were on level 3 of the Dungeon.
You were not hungry.

You visited 1 branch of the dungeon, and saw 3 of its levels.

You collected 83 gold pieces.

Inventory:

Hand Weapons
 a - a +0 war axe (weapon)
Armour
 c - a +0 shield (worn)
 i - a +2 helmet
 o - a +1 plate armour (worn)
Jewellery
 b - an uncursed ring of magical power
 e - an uncursed ring of protection from fire {unknown}
 k - an uncursed amulet of guardian spirit {unknown}
Scrolls
 l - a scroll of identify {unknown}
Potions
 d - a potion of might
 g - a potion of degeneration {unknown}
 h - a potion of curing {unknown}
 j - a potion of mutation {unknown}
 n - a potion of lignification {unknown}
Comestibles
 f - 2 rations


   Skills:
 + Level 4.3 Fighting
 + Level 4.3 Axes
 + Level 4.0 Armour
 + Level 0.4 Dodging
 + Level 3.8 Shields


You had 3 spell levels left.
You didn't know any spells.
Your spell library was empty.

Dungeon Overview and Level Annotations

Branches:
Dungeon (3/15)

Altars:
Xom


Message History

A kobold comes into view. It is wielding a +0 club.
The orc wizard points at you and mumbles some strange words.
The magic dart hits you but does no damage.
You block the adder's attack.
You barely miss the adder. You barely miss the orc wizard.
Your shield and plate armour prevent you from hitting the orc.
You feel sick.
The orc shouts!
You block the adder's attack. The orc barely misses you.
The orc wizard points at you and mumbles some strange words.
The magic dart hits you!
* * * LOW HITPOINT WARNING * * *
The adder bites you but does no damage.
* * * LOW HITPOINT WARNING * * *
You feel sick.
The orc wizard gestures at you while chanting.
You resist with some effort. You block the adder's attack.
* * * LOW HITPOINT WARNING * * *
You feel sick.
You die...

..$## #o..#
#...#
#..K#####
####..o#...#
#!....o.#
###...oo#
#...oS#
##.@.#....#
#...####.#
#.....
#...###
##.## #..
#.# #.#


You could see an orc priest, an orc wizard, an adder, 4 orcs and a kobold.

Vanquished Creatures
  2 adders (D:2)
  An ooze (D:2)
  2 worms (D:2)
  2 dart slugs
  2 leopard geckos
  4 giant cockroaches
  15 hobgoblins
  7 jackals (D:1)
  5 bats
  5 frilled lizards
  5 goblins
  10 kobolds
  11 rats
71 creatures vanquished.

Notes
Turn   | Place    | Note
-------+----------+-------------------------------------------
     0 | D:1      | technobutter the Hill Orc Fighter began the quest for the
                  | Orb.
     0 | D:1      | Reached XP level 1. HP: 19/19 MP: 1/1
   121 | D:2      | Reached XP level 2. HP: 25/27 MP: 2/2
   461 | D:1      | Reached XP level 3. HP: 26/33 MP: 3/3
  1051 | D:2      | Reached XP level 4. HP: 40/40 MP: 4/4
  1176 | D:2      | Found a shimmering altar of Xom.
  2115 | D:2      | Noticed a phantom
  2296 | D:3      | HP: 2/41 [poisoned by an adder]
  2298 | D:3      | Succumbed to an adder's poison

Levels and vault maps discovered:
D:1:      scummos_arrival_forest, layout_loops_ring
D:2:      minmay_chambers_of_ones, layout_basic, nicolae_overflow_hidden_temple,
          first_ration
D:3:      lemuel_upstairs_altar, layout_loops_cross, zin_angel,
          nicolae_overflow_crystal_walls, ebering_ghost_rock_garden

Skill      XL: |  1  2  3  4 |
---------------+-------------+-----
Axes           | 3 4 |  4.3
Fighting       | 4 |  4.3
Armour         | 4 |  4.0
Dodging        | |  0.4
Shields        | |  3.8

Action                   |  1- 3 |  4- 6 || total
-------------------------+-------+-------++-------
Melee: War axe           |   127 |   130 ||   257
  Use: Scroll            |       |     3 ||     3
  Eat: Ration            |     1 |     1 ||     2
Armor: Scale mail        |    61 |    20 ||    81
       Plate armour      |       |    55 ||    55
Dodge: Dodged            |    43 |    20 ||    63
Block: Shield            |    68 |    68 ||   136

Table legend:
 A = Non-vault XP
 B = Vault XP
 C = Vault XP percentage of total XP
 D = Non-vault monster count
 E = Vault monster count
 F = Vault count percentage of total count
                 A         B        C        D         E       F
            +---------+---------+-------+---------+---------+-------
      Total |     144 |      10 |   6.5 |      66 |       5 |   7.0
            +---------+---------+-------+---------+---------+-------
        D:1 |      68 |       0 |   0.0 |      39 |       0 |   0.0
        D:2 |      76 |      10 |  11.6 |      27 |       5 |  15.6
            +---------+---------+-------+---------+---------+-------
